 Dungeon Crawl Stone Soup version 0.22-a0-351-g29664b4 (webtiles) character file.

8329 silt the Grappler (level 11, 9/111 HPs)
             Began as a Troll Fighter on Apr 11, 2018.
             Was an Elder of Okawaru.
             Quit the game on level 10 of the Dungeon on Apr 13, 2018.
             The game lasted 00:48:48 (8603 turns).

silt the Grappler (Troll Fighter)                   Turns: 8603, Time: 00:48:49

Health: 9/111      AC:  5    Str: 29    XL:     11   Next: 8%
Magic:  11/12      EV: 13    Int:  4    God:    Okawaru [****..]
Gold:   673        SH: 12    Dex:  9    Spells: 10/10 levels left

rFire    . . .     SeeInvis .     - Unarmed
rCold    . . .     Gourm    +   b - +0 shield
rNeg     . . .     Faith    .   a - +0 robe
rPois    .         Spirit   .   (helmet restricted)
rElec    .         Reflect  .   L - scarf {repulsion}
rCorr    .         Harm     .   (gloves unavailable)
MR       .....                  (boots unavailable)
Stlth    +++.......             y - amulet of regeneration
HPRegen  1.08/turn              (no ring)
MPRegen  0.13/turn              (no ring)

@: heroism, repel missiles
A: large, unfitting armour, claws 3, fast metabolism 3, gourmand, regeneration
1, shaggy fur 1, tough skin 2
a: Heroism, Renounce Religion


You were on level 10 of the Dungeon.
You worshipped Okawaru.
Okawaru was greatly pleased with you.
You were very full.

You visited 2 branches of the dungeon, and saw 11 of its levels.
You also visited: Ossuary.

You collected 673 gold pieces.

Inventory:

Hand Weapons
 h - a +1 whip of venom
 m - a +4 dagger of electrocution
 n - a +0 hunting sling
 p - a cursed -1 spear
 q - a +0 blowgun
 v - a +2 whip of freezing
 G - a +1 falchion of holy wrath
 O - a cursed -1 whip
 U - the +8 hunting sling of Insomnia {freeze, MR+}
   (You found it on level 9 of the Dungeon)

   It causes projectiles fired from it to freeze those they strike, causing
   extra injury to most foes and up to half again as much damage against
   particularly susceptible opponents.
   They can also slow down cold-blooded creatures.
   It affects your resistance to hostile enchantments.
 V - a +1 great sword of electrocution
 X - a cursed -3 war axe
Missiles
 e - 233 stones (quivered)
 o - 52 sling bullets
 s - 37 poisoned needles
 K - 5 silver javelins
 Q - 2 tomahawks
 T - 6 javelins
Armour
 a - a +0 robe (worn)
 b - a +0 shield (worn)
 L - a scarf of repulsion (worn)
Jewellery
 y - an amulet of regeneration (around neck)
Wands
 w - a wand of digging (22)
 E - a wand of paralysis (18)
 N - a wand of random effects (39)
 W - a wand of enslavement (16)
Scrolls
 f - 6 scrolls of teleportation {unknown}
 g - 3 scrolls of fog {unknown}
 i - a scroll of immolation {unknown}
 j - 3 scrolls of fear {unknown}
 k - 5 scrolls of remove curse {unknown}
 u - 3 scrolls of identify {unknown}
 x - a scroll of random uselessness {unknown}
 z - a scroll of magic mapping {unknown}
 A - 2 scrolls of enchant armour {unknown}
 B - 3 scrolls of enchant weapon {unknown}
 F - a scroll of blinking {unknown}
 R - a scroll of noise {unknown}
Potions
 c - 5 potions of might
 l - 4 potions of heal wounds
 r - 3 potions of invisibility {unknown}
 t - 6 potions of curing {unknown}
 C - 2 potions of lignification {unknown}
 D - a potion of resistance {unknown}
 H - a potion of brilliance {unknown}
 I - a potion of mutation {unknown}
 J - 3 potions of flight {unknown}
 M - 4 potions of agility {unknown}
 P - a potion of berserk rage {unknown}
 S - a potion of haste {unknown}
Comestibles
 d - 26 rations


   Skills:
 - Level 8.1(13.1) Fighting
 - Level 5.4(10.4) Throwing
 - Level 2.4(7.4) Dodging
 + Level 5.7(10.7) Shields
 - Level 11.3(16.3) Unarmed Combat
 - Level 3.0 Invocations


You had 10 spell levels left.
You didn't know any spells.

Dungeon Overview and Level Annotations

Branches:
Dungeon (10/15)            Temple (1/1) D:4            Lair (0/6) D:9
    Orc: D:9-12

Altars:
Ashenzari
Cheibriados
Dithmenos
Elyvilon
Fedhas
Gozag
Hepliaklqana
Kikubaaqudgha
Makhleb
Nemelex Xobeh
Okawaru
Qazlal
Ru
Sif Muna
Trog
Uskayaw
Vehumet
Wu Jian
Xom
Yredelemnul
Zin
The Shining One

Shops:
D:5 [   D:9 %

Portals:
Bailey: D:10

Annotations:
D:9 1 runed door


Innate Abilities, Weirdness & Mutations

You are too large for most types of armour.
You have claws for hands.
Your metabolism is lightning-fast.
You like to eat raw meat.
Your natural rate of healing is unusually fast.
You are covered in fur. (AC +1)
You have very tough skin. (AC +2)


Message History

Something completely misses you.
You miss something. Something hits you!
* * * LOW HITPOINT WARNING * * *
Something barely misses you.
You claw something! Something hits you.
* * * LOW HITPOINT WARNING * * *
You feel much better. Something hits you.
* * * LOW HITPOINT WARNING * * *
Something hits you but does no damage. Something hits you.
* * * LOW HITPOINT WARNING * * *
Something hits you.
* * * LOW HITPOINT WARNING * * *
Something hits you but does no damage. Something hits you.
* * * LOW HITPOINT WARNING * * *
Something hits you.
* * * LOW HITPOINT WARNING * * *
There is a stone staircase leading down here.
Are you sure you want to abandon this character and quit the game? (Confirm with "yes".)

.....# #..# #..........
.....# #.## #..........
)....# ##.# #..[.......
.....# #..# #..........
###### #.## #.......... #.#
#.......<.. ## #.#
#########+# .# #.# .####
#######@##### ....#
#...........# ....#
#........>..# ....#
#...........# ....#
#..)........# ....#
#..<........### ....#
#.............#
....######...........#.....
...)....##...........# ##..


There were no monsters in sight!

Vanquished Creatures
  The ghost of Atlas the Geomancer, a journeyman GrEE of Vehumet (D:10)
  2 two-headed ogres
  Prince Ribbit (D:8)
  2 hornets
  A hippogriff (D:9)
  3 hogs (D:7)
  4 yaks
  A human (D:7)
  A hungry ghost (D:8)
  Eustachio (D:5)
  A water moccasin (D:8)
  4 ice beasts
  2 orc warriors (D:10)
  A phantom (D:6)
  A sky beast (D:8)
  4 centaurs
  7 ogres
  Blork the orc (D:4)
  2 elf zombies (Ossuary)
  6 bullfrogs
  The ghost of SFR the Charlatan, an amateur FeAr (D:3)
  3 scorpions
  5 killer bees (D:8)
  7 howler monkeys
  3 jellies
  6 crimson imps
  A quasit (D:9)
  3 centaur zombies (Ossuary)
  2 human zombies (Ossuary)
  A hound (D:5)
  2 orc priests (D:10)
  2 centaur skeletons
  4 orc wizards
  Ijyb (D:4)
  2 iguanas
  Natasha (thrice) (D:3)
  2 worker ants
  2 mummies (Ossuary)
  A worker ant zombie (D:8)
  Robin (D:2)
  11 adders
  4 oozes
  An adder zombie (D:8)
  An adder skeleton (D:9)
  3 worms
  10 dart slugs
  7 leopard geckos
  24 orcs
  3 ball pythons
  3 giant cockroaches
  19 goblins
  6 hobgoblins
  10 jackals
  A quokka (D:3)
  7 bats
  3 frilled lizards
  3 goblin zombies (Ossuary)
  8 hobgoblin zombies (Ossuary)
  A jackal zombie (D:8)
  7 kobolds
  7 kobold zombies (Ossuary)
  A leopard gecko zombie (D:7)
  10 orc zombies (Ossuary)
  A quokka skeleton (D:8)
  6 rats
  A rat zombie (Ossuary)
256 creatures vanquished.

Notes
Turn   | Place    | Note
-------+----------+-------------------------------------------
     0 | D:1      | silt the Troll Fighter began the quest for the Orb.
     0 | D:1      | Reached XP level 1. HP: 22/22 MP: 0/0
   145 | D:1      | Reached XP level 2. HP: 29/29 MP: 1/1
   968 | D:2      | Reached XP level 3. HP: 37/37 MP: 2/2
  1008 | D:2      | Noticed Robin
  1056 | D:2      | Killed Robin
  1174 | D:2      | Reached XP level 4. HP: 48/48 MP: 3/3
  1887 | D:3      | Reached XP level 5. HP: 52/55 MP: 4/4
  1910 | D:3      | Noticed Natasha
  1915 | D:3      | Killed Natasha
  1915 | D:3      | Reached skill level 5 in Fighting
  2312 | D:3      | Noticed Natasha
  2324 | D:3      | Killed Natasha
  2330 | D:3      | Noticed SFR's ghost (amateur FeAr)
  2351 | D:3      | Killed SFR's ghost
  2351 | D:3      | Reached skill level 3 in Unarmed Combat
  2351 | D:3      | Reached XP level 6. HP: 43/66 MP: 5/5
  2593 | D:3      | Noticed Natasha
  2598 | D:3      | Killed Natasha
  2879 | D:4      | Found a snail-covered altar of Cheibriados.
  2917 | D:4      | Noticed a two-headed ogre
  2929 | D:4      | Killed a two-headed ogre
  2929 | D:4      | Reached skill level 7 in Unarmed Combat
  2929 | D:4      | Reached XP level 7. HP: 37/72 MP: 6/6
  2989 | D:4      | Noticed Ijyb
  2997 | D:4      | Killed Ijyb
  3016 | D:4      | Reached XP level 8. HP: 80/80 MP: 7/7
  3147 | D:4      | Found a staircase to the Ecumenical Temple.
  3263 | D:4      | Noticed Blork the orc
  3274 | D:4      | Killed Blork the orc
  3274 | D:4      | Reached skill level 8 in Unarmed Combat
  3391 | D:5      | Entered Level 5 of the Dungeon
  3595 | D:5      | Noticed Eustachio
  3612 | D:5      | Killed Eustachio
  3737 | D:5      | Found a sand-covered staircase.
  3745 | Ossuary  | Entered an ossuary
  3881 | Ossuary  | Reached skill level 5 in Throwing
  4108 | D:5      | Reached XP level 9. HP: 74/89 MP: 8/8
  4132 | Temple   | Entered the Ecumenical Temple
  4403 | D:5      | Found Muthryub's Antique Armour Boutique.
  5134 | D:6      | Found an iron altar of Okawaru.
  5140 | D:6      | Became a worshipper of Warmaster Okawaru
  5224 | D:6      | Found a sacrificial altar of Ru.
  5625 | D:7      | Upgraded the game from 0.22-a0-348-gd16d139 to 0.22-a0-351-g29664b4
  5775 | D:7      | Reached skill level 1 in Invocations
  5783 | D:7      | Reached * piety under Okawaru
  5792 | D:7      | Reached skill level 9 in Unarmed Combat
  5975 | D:7      | Reached XP level 10. HP: 77/104 MP: 11/11
  6021 | D:7      | Found an iron altar of Okawaru.
  6073 | D:7      | Reached ** piety under Okawaru
  6727 | D:8      | Found a white marble altar of Elyvilon.
  6747 | D:8      | Reached skill level 10 in Unarmed Combat
  6805 | D:8      | Found a glowing golden altar of the Shining One.
  6862 | D:8      | Found a sparkling altar of Nemelex Xobeh.
  6900 | D:8      | Noticed Prince Ribbit
  6909 | D:8      | Killed Prince Ribbit
  7158 | D:8      | Noticed a two-headed ogre
  7239 | D:8      | Killed a two-headed ogre
  7239 | D:8      | Reached *** piety under Okawaru
  7239 | D:8      | Reached skill level 11 in Unarmed Combat
  7492 | D:8      | Found a blossoming altar of Fedhas.
  7495 | D:8      | Found a burning altar of Makhleb.
  7498 | D:8      | Found an ornate altar of the Wu Jian Council.
  7686 | D:9      | Found a runed door.
  7686 | D:9      | Noticed a sixfirhy
  8083 | D:9      | Found Tiuthroh's Food Shoppe.
  8117 | D:9      | Found a staircase to the Lair.
  8122 | D:9      | Got a brightly glowing hunting sling
  8123 | D:9      | Identified the +8 hunting sling of Insomnia {freeze, MR+} (You found it on level 9 of the Dungeon)
  8250 | D:10     | Entered Level 10 of the Dungeon
  8262 | D:10     | Noticed Atlas's ghost (journeyman GrEE)
  8278 | D:10     | Killed Atlas's ghost
  8278 | D:10     | Reached **** piety under Okawaru
  8278 | D:10     | Reached skill level 5 in Shields
  8278 | D:10     | Reached XP level 11. HP: 74/111 MP: 10/12
  8378 | D:10     | Found a burning altar of Makhleb.
  8443 | D:10     | Found a shattered altar of Ashenzari.
  8543 | D:10     | Found a flagged portal.
  8603 | D:10     | Quit the game

Vault maps used:
D:1:      dpeg_arrival_refuge, serial_forest, infiniplex_forest_join,
          infiniplex_forest_lined_3, infiniplex_forest_corner_1,
          infiniplex_forest_straight_3, infiniplex_forest_lined_2,
          infiniplex_forest_lined_1
D:2:      first_ration, uniq_robin
D:3:      kennysheep_slugbush, uniq_natasha
D:4:      minmay_temple_entry_from_below_a, kennysheep_slug_shrine, uniq_ijyb,
          uniq_blork_the_orc
D:5:      serial_shops, shop, lightli_ossuary_entry_decrepit_ruins,
          uniq_eustachio
D:6:      nicolae_overflow_hidden_temple, okawaru_trees_2
D:7:      nicolae_whirlpool, kennysheep_mini, grunt_livestock
D:8:      marbit_many_paths, grunt_temple_overflow_diamond,
          lemuel_crystal_altar, nemelex_dance_club_becter, uniq_prince_ribbit1
D:9:      cheibrodos_shockbox, lair_entry_dummy, serial_shops, shop
D:10:     basic_altar, enter_bailey_1, nicolae_ashenzari_panopticon
Temple:   regret_index_temple_generic_petals
Ossuary:  ossuary_tomb_1

Skill      XL: |  1  2  3  4  5  6  7  8  9 10 |
---------------+-------------------------------+-----
Fighting       | 3 4 5 8 |  8.1
Unarmed Combat | 3 7 8 9 11 | 11.3
Throwing       | 5 |  5.4
Invocations    | 3 |  3.0
Shields        | 5 |  5.7
Dodging        | |  2.4

Action                   |  1- 3 |  4- 6 |  7- 9 | 10-12 || total
-------------------------+-------+-------+-------+-------++-------
Melee: Unarmed           |    93 |   214 |   299 |   211 ||   817
 Fire: Hunting sling     |       |       |     4 |     8 ||    12
Throw: Stone             |       |     3 |     4 |       ||     7
Invok: Heroism           |       |       |       |     7 ||     7
  Use: Potion            |       |       |       |     2 ||     2
 Stab: Sleeping          |       |     2 |       |       ||     2
  Eat: Chunk             |    14 |    18 |    29 |    27 ||    88
Armor: Robe              |    33 |    50 |    44 |    38 ||   165
Dodge: Dodged            |    28 |    62 |    68 |    66 ||   224
       Deflected         |       |       |     8 |     2 ||    10
Block: Shield            |    47 |    79 |   100 |    74 ||   300

Table legend:
 A = Spawn XP
 B = Non-spawn XP
 C = Spawn XP percentage of total XP
 D = Spawn monster count
 E = Non-spawn monster count
 F = Spawn count percentage of total count
 G = Total turns spent on level
                    A         B        C        D         E        F      G
               +---------+---------+-------+---------+---------+-------+---------
         Total |       0 |   11899 |   0.0 |       0 |     256 |   0.0 |  8603
               +---------+---------+-------+---------+---------+-------+---------
           D:1 |       0 |      33 |   0.0 |       0 |      17 |   0.0 |   830
           D:2 |       0 |      93 |   0.0 |       0 |      27 |   0.0 |   790
           D:3 |       0 |     321 |   0.0 |       0 |      41 |   0.0 |   990
           D:4 |       0 |    1192 |   0.0 |       0 |      15 |   0.0 |   795
           D:5 |       0 |     806 |   0.0 |       0 |      12 |   0.0 |   838
           D:6 |       0 |    1143 |   0.0 |       0 |      25 |   0.0 |   860
           D:7 |       0 |    1919 |   0.0 |       0 |      19 |   0.0 |   943
           D:8 |       0 |    2667 |   0.0 |       0 |      26 |   0.0 |  1038
           D:9 |       0 |    1608 |   0.0 |       0 |      20 |   0.0 |   683
          D:10 |       0 |    1644 |   0.0 |       0 |      16 |   0.0 |   353
       Ossuary |       0 |     473 |   0.0 |       0 |      38 |   0.0 |   265
               +---------+---------+-------+---------+---------+-------+---------
